 Dungeon Crawl Stone Soup version 0.30-b1-2-g02819fbbbe (webtiles) character file.

Game seed: 14560374541371225699

81 UristMacStoneSoup the Trooper (level 4, 0/29 HPs)
             Began as a Gargoyle Monk on May 13, 2023.
             Was a Priest of Vehumet.
             Splashed by a jelly's acid (11 damage)
             ... on level 3 of the Dungeon.
             The game lasted 00:29:20 (1880 turns).

UristMacStoneSoup the Trooper (Gargoyle Monk)       Turns: 1880, Time: 00:29:20

Health: 0/29       AC:  2    Str: 14    XL:     4   Next: 42%
Magic:  1/4        EV: 12    Int: 11    God:    Vehumet [***...]
Gold:   83         SH:  5    Dex: 14    Spells: 0/4 levels left

rFire   . .          .
                       - Unarmed
rCold   + . .        c - orb {light}
rNeg    + . .        h - +0 robe
rPois   ∞            n - +0 helmet
rElec   +            (no cloak)
rCorr   .            (no gloves)
SInv    .            (no boots)
Will    .....        e - amulet of reflection
Stlth   +            q - ring of protection from cold
HPRegen 0.24/turn    (no ring)
MPRegen 0.09/turn

%: reflection
@: corroded, glowing
A: sickness immunity, AC +3, negative energy resistance 1, electricity
resistance, torment resistance 1, petrification resistance
a: Renounce Religion


You were on level 3 of the Dungeon.
You worshipped Vehumet.
Vehumet was most pleased with you.
You visited 1 branch of the dungeon, and saw 3 of its levels.

You collected 83 gold pieces.

Inventory:

Hand Weapons
 k - a +1 dagger of holy wrath
 l - a +0 dagger of venom
 m - a +0 dagger of electrocution
 p - a +0 spear of flaming
Armour
 c - an orb of light (worn)
 h - a +0 robe (worn)
 i - a +0 robe
 n - a +0 helmet (worn)
Jewellery
 e - an amulet of reflection (around neck)
 q - a ring of protection from cold (left hand)
 s - a ring of flight
Scrolls
 g - 2 scrolls of fog
 j - a scroll of teleportation
Potions
 a - a potion of brilliance {unknown}
 b - 2 potions of ambrosia
 d - 2 potions of degeneration {unknown}
 f - 3 potions of lignification
 o - a potion of berserk rage {unknown}
 r - a potion of attraction {unknown}


   Skills:
 + Level 3.7 Fighting
 * Level 1.1 Armour
 + Level 2.7 Dodging
 * Level 1.0 Stealth
 * Level 1.2 Shields
 + Level 3.6 Unarmed Combat
 + Level 0.5 Spellcasting
 + Level 0.8 Earth Magic


You couldn't memorise any spells.
You knew the following spells:

 Your Spells              Type           Power      Damage    Failure   Level
a - Sandblast             Erth           4%         2d4       7%          1
b - Stone Arrow           Conj/Erth      2%         3d7       22%         3

Your spell library contained the following spells:

 Spells                   Type           Power      Damage    Failure   Level
 Summon Small Mammal      Summ           0%         N/A       34%         1
 Call Canine Familiar     Summ           0%         N/A       71%         3
 Summon Guardian Golem    Hex/Summ       0%         N/A       71%         3


Dungeon Overview and Level Annotations

Branches:
Dungeon (3/15)

Altars:
Qazlal
Vehumet
Zin


Innate Abilities, Weirdness & Mutations

You are immune to sickness and miasma.
Your stone body is resilient. (AC +3)
You are immune to poison.
You resist negative energy. (rN+)
You are resistant to electric shocks. (rElec)
You are resistant to unholy torment.
You are immune to petrification.


Message History

You miscast Stone Arrow.
You are very lightly contaminated with residual magic.
Nothing appears to happen.
Casting: Stone Arrow (quite dangerous; 22% risk of failure)
Confirm with . or Enter, or press ? or * to list all spells.
Aiming: Sandblast (safe; 7% risk of failure)
Press: ? - help, Shift-Dir - straight line, f/p - jelly
Aim: a jelly (haloed, 100% to hit)
The blast of sand hits the jelly.
The jelly is lightly wounded.
The jelly misses you.
You hit the jelly but do no damage.
Your hands burn!
The jelly is lightly wounded.
The jelly hits you but does no damage.
You completely miss the jelly.
The jelly is lightly wounded.
The jelly barely misses you.
You hit the jelly.
Your hands burn!
The jelly is lightly wounded.
The jelly hits you but does no damage.
Your magical contamination has completely faded away.
You hit the jelly.
Your hands burn!
The jelly is lightly wounded.
You block the jelly's attack.
You hit the jelly.
Your hands burn!
The jelly is moderately wounded.
The jelly closely misses you.
You punch the jelly!
Your hands burn!
The jelly is heavily wounded.
The jelly closely misses you.
You hit the jelly.
Your hands burn!
The jelly is severely wounded.
The jelly barely misses you.
You hit the jelly but do no damage.
Your hands burn!
The jelly is severely wounded.
The jelly hits you but does no damage.
You hit the jelly. The acid corrodes you!
Your hands burn!
The jelly is severely wounded.
The jelly hits you.
You are splashed with acid!
You die...

#..........+.≈._.#....
#............≈...#..##
#.[......!.#§≈≈≈.#..#
#..........#.....##.#
#..........########.#
#.>.........##.####.#
#.............. ###.#
#.#..J#+##...####≈#.##
#..@#....###..~≈~.#.
###......~..~≈≈~#.#.
#.###.####≈≈~~~~....#.
#.......~≈≈.#....##.#.
#...##.##.###.#.......#.
#.....>.............####
###########.##...###≈≈
#.##...# ### #.##...# #.


You could see a jelly.

Vanquished Creatures
  Robin (D:2)
  An adder (D:2)
  2 dart slugs
  3 bats
  2 endoplasms
  4 giant cockroaches
  14 goblins
  7 hobgoblins
  3 jackals (D:2)
  3 quokkas (D:1)
  A ball python (D:1)
  2 frilled lizards (D:2)
  5 kobolds
  4 rats (D:1)
52 creatures vanquished.

Vanquished Creatures (others)
  A goblin (D:2)
  5 fungi (D:2)
  3 plants (D:2)
  18 toadstools (D:3)
27 creatures vanquished.

Grand Total: 79 creatures vanquished

Notes
Turn   | Place    | Note
-------+----------+-------------------------------------------
     0 | D:1      | UristMacStoneSoup the Gargoyle Monk began the quest for the
                  | Orb.
     0 | D:1      | Reached XP level 1. HP: 14/14 MP: 1/1
   348 | D:1      | Reached XP level 2. HP: 15/19 MP: 2/2
   680 | D:1      | Reached XP level 3. HP: 20/23 MP: 3/3
   858 | D:2      | Found a faded altar of an unknown god.
   921 | D:2      | Prayed at the altar of an unknown god.
   921 | D:2      | Became a worshipper of Vehumet
   921 | D:2      | Reached * piety under Vehumet
   921 | D:2      | Offered knowledge of Sandblast by Vehumet.
   921 | D:2      | Reached ** piety under Vehumet
   959 | D:2      | Learned a level 1 spell: Sandblast
   961 | D:2      | Offered knowledge of Momentum Strike by Vehumet.
   971 | D:2      | Found a glowing silver altar of Zin.
  1005 | D:2      | Reached *** piety under Vehumet
  1113 | D:2      | Noticed Robin
  1125 | D:2      | Offered knowledge of Dazzling Flash by Vehumet.
  1149 | D:2      | Killed Robin
  1150 | D:2      | Reached skill level 1 in Shields
  1150 | D:2      | Reached XP level 4. HP: 14/29 MP: 4/4
  1290 | D:2      | Offered knowledge of Stone Arrow by Vehumet.
  1295 | D:2      | Learned a level 3 spell: Stone Arrow
  1446 | D:2      | Reached skill level 1 in Stealth
  1656 | D:3      | Reached skill level 1 in Armour
  1824 | D:3      | Found a stormy altar of Qazlal.
  1880 | D:3      | Splashed by a jelly's acid

Illustrated notes

Levels and vault maps discovered:
D:1:      psy_arrival_dodecagon, layout_basic
D:2:      layout_rooms, dreamdust_ecumenical_altar_hidden_monk_grotto,
          basic_altar, st_stairs_6, uniq_robin
D:3:      layout_basic, tgw_fedhas, mainiacjoe_overflow_alcove_4,
          nicolae_overflow_ecumenical_swirl, serial_rivers,
          chequers_serial_rivers_small_a, chequers_serial_rivers_marsh,
          chequers_serial_rivers_micro_e, chequers_serial_rivers_large_a,
          chequers_serial_rivers_micro_a, chequers_serial_rivers_room_b

Skill      XL: |  1  2  3  4 |
---------------+-------------+-----
Shields        | 1 |  1.2
Stealth        | 1 |  1.0
Armour         | 1 |  1.1
Fighting       | |  3.7
Dodging        | |  2.7
Unarmed Combat | |  3.6
Spellcasting   | |  0.5
Earth Magic    | |  0.8

Action                     |  1- 3 |  4- 6 || total
---------------------------+-------+-------++-------
  Melee: Unarmed           |   168 |    31 ||   199
         Punch             |     2 |       ||     2
   Cast: Sandblast         |    12 |    13 ||    25
         Stone Arrow       |       |     3 ||     3
    Use: Scroll            |     3 |     2 ||     5
 Armour: Robe              |    42 |    19 ||    61
  Dodge: Dodged            |    91 |    18 ||   109
  Block: Other             |    17 |       ||    17
         Reflection        |     2 |       ||     2
         Orb               |     9 |     2 ||    11
